 Dungeon Crawl Stone Soup version 0.32-a0-607-g64ea0e4219 (webtiles) character file.

Game seed: 5682667905831364648

2017 ezpacito the Chopper (level 9, -3/55 (68) HPs)
             Began as a Coglin Chaos Knight on Mar 3, 2024.
             Was a Plaything of Xom.
             Slain by an iguana (7 damage)
             ... on level 7 of the Dungeon.
             The game lasted 00:09:10 (5374 turns).

ezpacito the Chopper (Coglin Chaos Knight)          Turns: 5374, Time: 00:09:11

HP:   -3/55 (68)    AC: 16    Str: 20    XL:     9   Next: 23%
MP:   12/12         EV:  9    Int:  9    God:    Xom [.*....]
Gold: 443           SH:  0    Dex: 13    Spells: 4/12 levels left

rFire   . . .        a - +3 hand axe (chaos) {Noor}
rCold   . . .        k - +0 rapier (venom) {Azuma}
rNeg    . . .        x - +3 chain mail {rC+}
rPois   .            n - +0 helmet
rElec   .            (no cloak)
rCorr   .            f - +0 pair of gloves
SInv    .            z - +0 pair of boots
Will    .....        (amulet unavailable) Stlth
                     (ring unavailable)
HPRegen 0.29/turn    (ring unavailable)
MPRegen 0.13/turn    (no gizmo)

%: no passive effects
@: heavily drained, revving
A: off-hand wielding, slow wielding, warmup strikes, no jewellery, dopey 1,
strong 1, cold vulnerability 1
a: Invent Gizmo, Renounce Religion


You were on level 7 of the Dungeon.
You worshipped Xom.
You were a plaything of Xom.
You visited 2 branches of the dungeon, and saw 8 of its levels.
You also visited: Sewer.

You collected 443 gold pieces.

Inventory:

Hand Weapons
 a - a +3 hand axe of chaos (weapon) {Noor}
 b - a +0 war axe
 k - a +0 rapier of venom (offhand) {Azuma}
 v - a +1 antimagic hand axe
Missiles
 c - 5 curare-tipped darts
 h - 11 poisoned darts
 u - 2 boomerangs
Armour
 f - a +0 pair of gloves (worn)
 n - a +0 helmet (worn)
 x - a +3 chain mail of cold resistance (worn)
 z - a +0 pair of boots (worn)
Magical Staves
 j - a staff of air
Talismans
 A - a blade talisman
Wands
 D - a wand of digging (4)
Scrolls
 d - a scroll of vulnerability
 i - 2 scrolls of identify
 l - a scroll of amnesia
 s - 2 scrolls of poison
 t - 3 scrolls of teleportation
Potions
 e - 2 potions of brilliance
 o - 3 potions of enlightenment
 w - a potion of magic


   Skills:
 * Level 5.2 Fighting
 * Level 5.2(5.6) Axes
 + Level 2.5(4.0) Polearms
 * Level 4.3 Armour
 * Level 4.0 Dodging
 + Level 2.5 Stealth
 + Level 2.6 Unarmed Combat
 + Level 2.0 Spellcasting
 + Level 1.3 Summonings
 + Level 1.6 Necromancy
 * Level 2.7 Alchemy
 * Level 3.3 Evocations


You had 4 spell levels left.
You knew the following spells:

 Your Spells              Type           Power      Damage    Failure   Level
a - Cigotuvi's Dreadful   Necr/Alch/Air  6%         N/A       90%         2
b - Summon Small Mammal   Summ           12%        N/A       80%         1
c - Freezing Cloud        Conj/Ice/Air   0%         6-21      100%        5

Your spell library contained the following spells:

 Spells                   Type           Power      Damage    Failure   Level
 Call Canine Familiar     Summ           3%         N/A       99%         3
 Tukima's Dance           Hex            0%         N/A       100%        3
 Ignite Poison            Fire/Alch      3%         N/A       100%        4
 Passage of Golubria      Tloc           0%         N/A       100%        4
 Summon Blazeheart Golem  Fire/Summ      2%         N/A       100%        4
 Yara's Violent Unravell  Hex/Alch       1%         3d3       100%        5


Dungeon Overview and Level Annotations

Branches:
Dungeon (7/15)             Temple (1/1) D:4           Sewer (visited)

Altars:
Ashenzari
Cheibriados
Elyvilon
Fedhas
Gozag
Hepliaklqana
Kikubaaqudgha
Nemelex Xobeh
Okawaru
Qazlal
Ru
Sif Muna
Trog
Uskayaw
Vehumet
Wu Jian
Xom
Yredelemnul
Zin

Shops:
D:2 ?

Annotations:
D:7 Jeremiah


Innate Abilities, Weirdness & Mutations

You can wield a second weapon in your off-hand.
It takes a long time for you to wield or remove held weapons.
Your first few attacks do less damage.
You cannot equip rings or amulets.
You are dopey. (Int -2)
Your muscles are strong. (Str +4, Int/Dex -1)
You are vulnerable to cold. (rC-)


Message History

The orc moves out of view.
The butterfly disappears in a burst of colours! "Whee!"
Your surroundings suddenly seem different.
A bullfrog comes into view.
You are now a plaything of Xom.
The bullfrog gives a loud, deep croak!
The bullfrog barely misses you. The bullfrog hits you.
* * * LOW HITPOINT WARNING * * *
You take 5 damage, and have 8/52 hp.
You hit the bullfrog with your +0 rapier of venom.
The bullfrog is moderately wounded.
You slash the bullfrog with your +3 hand axe of chaos!
The bullfrog seems to speed up.
The bullfrog hits you but does no damage. x2
The bullfrog closely misses you.
You hit the bullfrog but do no damage.
The bullfrog is poisoned.
The bullfrog is heavily wounded.
You miss the bullfrog with your +3 hand axe of chaos.
The bullfrog closely misses you. The bullfrog barely misses you.
You hit the bullfrog with your +0 rapier of venom.
The bullfrog looks as sick as possible!
The bullfrog is almost dead.
You slash the bullfrog with your +3 hand axe of chaos!
You kill the bullfrog!
An iguana comes into view.
The iguana hisses angrily.
You see here 15 gold pieces.
You now have 443 gold pieces (gained 15).
You closely miss the iguana with your +0 rapier of venom.
You hit the iguana with your +3 hand axe of chaos.
The iguana suddenly seems more resistant.
The iguana bites you!
* * * LOW HITPOINT WARNING * * *
You take 9 damage, and have 3/55 hp.
You hit the iguana with your +3 hand axe of chaos.
The iguana is severely wounded.
You barely miss the iguana with your +0 rapier of venom.
The iguana bites you!
You die...

####### ***********#.....#
,,,,,,,,*,,#.†...#
,,,,,,,,*,,#.....#
,,,**,,***,#.....###
,,,**,,***,###.....#
,,,*,,,,,,,,,#.....#
,,,+,,,,,,,,,#.l@..#
,,,**,,,****+#.....#
,,,**,,,*,....######
,,,**,,,*.....*
,,,,,,,,+.....*
*****,,,*...,,************
,,,**,,,*.,,,,,,,,*,,**,,*
,,,+,,,,+,,,,,,,,,*,,*,,,*
,,,*,,,,*,,,,,,,,,+,,+,,,*


You could see an iguana (resistant).

Vanquished Creatures
  A hornet (D:4)
  A wraith (D:6)
  A steam dragon (D:5)
  Edmund (D:4)
  An ice beast (D:4)
  2 crocodiles (Sewer)
  3 bullfrogs
  A scorpion (D:4)
  A bombardier beetle (D:6)
  5 hounds
  A gnoll bouda (D:4)
  An orc priest (D:4)
  6 iguanas
  6 orc wizards
  A sickly merfolk siren (Sewer)
  A malarious merfolk avatar (Sewer)
  11 adders
  7 gnolls
  2 river rats
  2 ufetubi (D:5)
  A dart slug (D:2)
  4 ribbon worms
  16 orcs
  5 endoplasms
  4 giant cockroaches
  5 goblins
  6 hobgoblins
  2 jackals (D:1)
  2 kobolds
  6 quokkas
  10 ball pythons
  9 bats
  4 frilled lizards
  22 rats
151 creatures vanquished.

Vanquished Creatures (collateral kills)
  An adder (Sewer)
  A rat (Sewer)
2 creatures vanquished.

Grand Total: 153 creatures vanquished

Notes
Turn   | Place    | Note
-------+----------+-------------------------------------------
     0 | D:1      | ezpacito the Coglin Chaos Knight began the quest for the
                  | Orb.
     0 | D:1      | Reached XP level 1. HP: 18/18 MP: 1/1
    94 | D:1      | Reached skill level 1 in Dodging
   107 | D:1      | Reached XP level 2. HP: 24/24 MP: 2/2
   130 | D:1      | XOM: divination: detect creatures
   151 | D:1      | XOM: silly message
   219 | D:1      | XOM: cloud trail
   235 | D:1      | XOM: god gift: 38 gold pieces
   406 | D:1      | XOM: silly message
   518 | D:2      | Reached XP level 3. HP: 19/29 MP: 3/3
   731 | D:2      | Found an iron altar of Okawaru.
   980 | D:2      | XOM: give mutations
   980 | D:2      | Gained mutation: You have very sharp teeth. [Xom's grace]
   980 | D:2      | Gained mutation: Your muscles are strong. (Str +4, Int/Dex
                  | -1) [Xom's grace]
   980 | D:2      | Gained mutation: You are robust. (+10% HP) [Xom's grace]
  1299 | D:2      | Found Hocveum's Magic Scroll Shoppe.
  1301 | D:2      | Reached skill level 1 in Polearms
  1561 | D:3      | Noticed a +0 short sword
  1561 | D:3      | Noticed a +0 spear
  1562 | D:3      | Noticed a +0 spear
  1563 | D:3      | Noticed a +0 falchion
  1563 | D:3      | Noticed a +0 dagger
  1563 | D:3      | Noticed a +0 short sword
  1564 | D:3      | Noticed a +0 dagger
  1572 | D:3      | Noticed a +0 falchion
  1598 | D:3      | Found a hide-covered altar of Uskayaw.
  1624 | D:3      | Reached XP level 4. HP: 38/38 MP: 4/4
  1802 | D:3      | XOM: scenery: summon butterflies
  1833 | D:3      | XOM: smoke on damage
  1843 | D:3      | Reached skill level 1 in Stealth
  1959 | D:3      | Found a white marble altar of Elyvilon.
  2052 | D:3      | XOM: cloud trail
  2246 | D:4      | XOM: noise
  2254 | D:4      | XOM: 5-stop teleportation journey
  2255 | D:4      | Reached XP level 5. HP: 43/45 MP: 5/5
  2262 | D:4      | Noticed Edmund
  2273 | D:4      | Killed Edmund
  2274 | D:4      | Reached skill level 1 in Unarmed Combat
  2274 | D:4      | Reached skill level 1 in Spellcasting
  2274 | D:4      | Reached XP level 6. HP: 52/52 MP: 5/7
  2312 | D:4      | Found a glowing drain.
  2365 | D:4      | XOM: 5-stop teleportation journey
  2426 | D:4      | Noticed a hornet
  2428 | D:4      | Lost mutation: You have very sharp teeth. [potion of
                  | mutation]
  2428 | D:4      | Lost mutation: You are robust. (+10% HP) [potion of
                  | mutation]
  2428 | D:4      | Gained mutation: You are dopey. (Int -2) [potion of
                  | mutation]
  2622 | Sewer    | Entered a sewer
  2850 | Sewer    | XOM: cast spell 'Death Channel'
  2855 | Sewer    | Reached XP level 7. HP: 30/54 MP: 8/8
  3113 | D:4      | Killed a hornet
  3114 | D:4      | Reached skill level 1 in Evocations
  3121 | D:4      | Learned a level 2 spell: Cigotuvi's Dreadful Rot
  3123 | D:4      | Learned a level 1 spell: Summon Small Mammal
  3129 | D:4      | Learned a level 5 spell: Freezing Cloud
  3147 | D:4      | Reached XP level 8. HP: 50/61 MP: 10/10
  3173 | D:4      | XOM: cloud trail
  3323 | D:4      | Found a staircase to the Ecumenical Temple.
  3329 | D:4      | Reached skill level 1 in Alchemy
  3531 | Temple   | Entered the Ecumenical Temple
  3756 | D:5      | Entered Level 5 of the Dungeon
  3770 | D:5      | XOM: polymorph ice beast -> river rat
  4108 | D:5      | Found a radiant altar of Vehumet.
  4123 | D:5      | XOM: silly message
  4440 | D:6      | XOM: give mutation
  4440 | D:6      | Gained mutation: You are vulnerable to cold. (rC-) [Xom's
                  | mischief]
  4478 | D:6      | Reached skill level 5 in Axes
  4540 | D:6      | XOM: swap monsters
  4542 | D:6      | Reached skill level 5 in Fighting
  4542 | D:6      | Reached skill level 1 in Necromancy
  4552 | D:6      | XOM: summons 5 hostile demons
  4553 | D:6      | Noticed a red devil
  4556 | D:6      | XOM: butterfly on damage
  4779 | D:6      | Found an ancient bone altar of Kikubaaqudgha.
  4835 | D:6      | Reached skill level 1 in Summonings
  4835 | D:6      | Reached XP level 9. HP: 66/68 MP: 10/12
  4948 | D:6      | Found an iron altar of Okawaru.
  5239 | D:7      | Found a basalt altar of Yredelemnul.
  5239 | D:7      | Found a sparkling altar of Nemelex Xobeh.
  5239 | D:7      | Found a stormy altar of Qazlal.
  5246 | D:7      | XOM: summons 5 hostile demons
  5306 | D:7      | Noticed Jeremiah
  5331 | D:7      | XOM: swap monsters
  5333 | D:7      | XOM: enchant monster (bad)
  5346 | D:7      | XOM: enchant monster (bad)
  5358 | D:7      | XOM: 1-stop teleportation journey
  5374 | D:7      | Slain by an iguana

Illustrated notes

Levels and vault maps discovered:
D:1:      giann_bridges, layout_rooms
D:2:      mumra_celtic_spiral_tile, layout_basic, serial_shops,
          nicolae_shop_window_shopping, basic_altar,
          minmay_randomly_rotated_circles
D:3:      layout_basic, mainiacjoe_overflow_brackets, nicolae_uskayaw_en_pointe
D:4:      layout_loops_ring, minmay_temple_entry_proselytizer,
          cheibrodos_sewer_entry_sluice, uniq_edmund
D:5:      layout_gridville, vehumet_altar_wand_db, st_stairs_9
D:6:      layout_loops_ring, mainiacjoe_overflow_tiny_flanked,
          mainiacjoe_overflow_paths
D:7:      layout_gridville, gammafunk_temple_overflow_forgotten,
          gup_ossuary_entry_pyramid, columned_hall_lemuel, uniq_joseph,
          uniq_maurice, uniq_prince_ribbit1, uniq_jeremiah
Temple:   chequers_temple_sunken

Skill      XL: |  1  2  3  4  5  6  7  8  9 |
---------------+----------------------------+-----
Dodging        | 1 2 3 4 |  4.0
Armour         | 2 3 4 |  4.3
Polearms       | 1 2 |  2.5
Stealth        | 1 2 |  2.5
Unarmed Combat | 1 2 |  2.6
Spellcasting   | 1 2 |  2.0
Fighting       | 4 5 |  5.2
Axes           | 4 5 |  5.2
Evocations     | 1 2 3 |  3.3
Alchemy        | 2 |  2.7
Necromancy     | 1 |  1.6
Summonings     | 1 |  1.3

Action                     |  1- 3 |  4- 6 |  7- 9 || total
---------------------------+-------+-------+-------++-------
  Melee: Dagger            |    69 |    64 |       ||   133
         Hand axe          |    68 |   122 |   196 ||   386
         Bite              |     1 |    10 |       ||    11
         Rapier            |       |    54 |   184 ||   238
  Evoke: Wand              |       |       |    16 ||    16
    Use: Scroll            |     3 |     4 |    13 ||    20
         Potion            |     1 |     5 |     4 ||    10
   Stab: Paralysed         |       |     5 |     2 ||     7
         Distracted        |       |       |     1 ||     1
         Invisible         |       |       |     3 ||     3
 Armour: Leather armour    |    18 |       |       ||    18
         Chain mail        |    40 |   128 |   212 ||   380
  Dodge: Dodged            |    32 |    62 |   124 ||   218

Table legend: (Time is in decaauts)
 A = Elapsed time spent in this place.
 B = Non-inter-level travel time spent in this place.
 C = Inter-level travel time spent in this place.
 D = Time resting spent in this place.
 E = Time spent auto-exploring this place.
 F = Levels seen in this place.
 G = Mean time per level.
                   A        B        C        D        E       F      G
               +--------+--------+--------+--------+--------+-----+--------+
         Total |   5474 |   5211 |    263 |    289 |   3502 |   9 |  608.2 |
       Dungeon |   5031 |   4768 |    263 |    289 |   3212 |   7 |  718.7 |
        Temple |      1 |      1 |      0 |      0 |      0 |   1 |    1.0 |
         Sewer |    441 |    441 |      0 |      0 |    289 |   1 |  441.0 |
               +--------+--------+--------+--------+--------+-----+--------+

Top non-repeatable levels by time:
     D:4: 1325 daAuts
     D:2: 956 daAuts
     D:6: 906 daAuts
     D:3: 815 daAuts
     D:1: 483 daAuts
   Sewer: 441 daAuts
     D:5: 404 daAuts
     D:7: 139 daAuts
  Temple: 1 daAuts
